Map: Ulrena

Players

Dayshi

  • Race: Terran Terran
  • League: Grandmaster

Elazer - Winner!

  • Race: Zerg Zerg
  • League: Grandmaster

Event: 2016 WCS Winter Challenger Europe

VOD

https://www.youtube.com/watch?v=Zzr1R2MaT-k

Description

Time

  • Played on: Feb. 13, 2016, 10:32 a.m.
  • Length: 13:39

All games in this series

Show
View Real Time Build Order
Export as new Build Order

Dayshi Terran 

Build Orders: MMM Bio 

Get SALT Encoding   

  12  0:00  SCV  
  13  0:12  SCV  
  14  0:17  Supply Depot  
  14  0:24  SCV  
  15  0:39  Barracks, SCV  
  16  0:44  Refinery  
  16  0:51  SCV  
  17  1:03  SCV  
  18  1:15  SCV  
  19  1:27  Barracks Reactor, Orbital Command  
  19  1:41  Command Center  
  19  1:53  SCV  
  20  1:55  Supply Depot  
  20  2:03  Marine x2  
  20  2:06  SCV  
  23  2:13  Factory  
  23  2:19  SCV  
  23  2:22  Marine x2  
  26  2:27  Refinery  
  26  2:31  SCV  
  27  2:40  Marine x2  
  27  2:43  SCV  
  30  2:53  Orbital Command  
  30  2:56  SCV  
  30  2:57  Factory Tech Lab  
  31  3:00  Marine x2  
  33  3:07  Starport  
  33  3:08  SCV  
  34  3:16  Siege Tank  
  34  3:19  SCV  
  38  3:23  SCV  
  39  3:29  Supply Depot, Marine x2  
  39  3:32  SCV  
  42  3:35  SCV  
  43  3:43  Viking  
  43  3:48  SCV  
  46  3:51  Supply Depot, SCV, Marine x2  
  49  3:57  Siege Tank  
  49  4:00  SCV  
  53  4:03  SCV  
  54  4:14  Supply Depot, SCV  
  54  4:15  SCV  
  50  4:34  SCV x2  
  45  4:40  Command Center  
  45  4:45  Medivac  
  47  4:46  SCV x2  
  47  4:50  Barracks  
  47  4:51  Barracks  
  49  4:55  Hellion x2  
  49  4:56  Stimpack, Marine  
  54  5:01  SCV x2  
  56  5:09  Bunker  
  56  5:10  Supply Depot  
  56  5:13  SCV x2  
  58  5:16  Marine  
  58  5:18  Hellion x2  
  63  5:25  SCV x2, Starport Reactor  
  63  5:27  Refinery  
  63  5:28  Refinery  
  65  5:34  Marine  
  66  5:39  SCV x2  
  66  5:41  Barracks x2  
  64  5:48  Barracks Reactor  
  64  5:51  Factory Reactor, SCV x2  
  64  5:53  Engineering Bay x2  
  64  5:55  Orbital Command  
  64  5:56  Marine  
  64  5:57  Marine x2  
  69  6:05  SCV  
  69  6:06  SCV  
  69  6:07  Medivac  
  69  6:08  Medivac  
  75  6:14  Marine x2  
  75  6:17  SCV  
  75  6:18  SCV  
  76  6:30  SCV x2  
  76  6:32  Marine x2  
  80  6:33  Marauder, Barracks Tech Lab x2  
  80  6:35  Terran Infantry Weapons Level 1, Terran Infantry Armor Level 1  
  80  6:37  Medivac  
  80  6:38  Medivac, Orbital Command  
  80  6:39  Marine  
  83  6:40  Marine  
  83  6:42  SCV x2  
  86  6:50  Marine x2  
  86  6:53  Marine  
  86  6:54  SCV x2  
  90  6:58  Marine x2  
  93  7:10  Supply Depot  
  93  7:13  Concussive Shells, Combat Shields  
  93  7:14  Marauder x2, SCV x2, Marine  
  93  7:15  Supply Depot  
  100  7:21  Barracks  
  100  7:23  SCV, Barracks  
  100  7:24  Marine  
  101  7:31  Marine x3  
  101  7:32  Marauder, SCV  
  101  7:35  Marauder  
  108  7:37  SCV  
  108  7:42  Factory Tech Lab  
  108  7:43  Medivac x2  
  114  7:44  SCV  
  114  7:46  Armory  
  114  7:49  Refinery  
  114  7:50  Refinery  
  114  7:52  SCV  
  114  7:53  SCV  
  114  7:55  Supply Depot  
  114  7:56  Supply Depot x2, Marauder  
  114  7:58  Supply Depot  
  118  7:59  Marauder, Marine  
  118  8:04  Marauder, Marine x2  
  125  8:12  Barracks Tech Lab  
  125  8:14  Factory Reactor  
  125  8:16  Marine  
  125  8:17  Marine x2  
  125  8:19  Marine  
  129  8:20  Medivac x2  
  129  8:21  Marauder  
  129  8:24  Marine x2  
  129  8:25  Marine  
  129  8:26  Marauder  
  140  8:27  Supply Depot  
  140  8:33  Marauder  
  139  8:35  Marauder  
  141  8:43  Marauder, Marine x3  
  141  8:47  Marauder  
  147  8:48  Command Center  
  147  8:52  Marine  
  147  8:54  Marauder  
  150  8:57  Marauder  
  150  8:59  Marine  
  152  9:05  Marauder  
  152  9:09  Terran Infantry Weapons Level 2, Marauder, Medivac x2, Terran Infantry Armor Level 2  
  158  9:13  Marine x4  
  158  9:15  Marauder  
  164  9:17  Supply Depot  
  164  9:18  Marauder  
  164  9:19  Supply Depot  
  164  9:21  Supply Depot  
  165  9:38  Marine x3  
  165  9:39  Marauder x2  
  165  9:41  Marauder, Marine x3  
  165  9:43  SCV  
  165  9:45  SCV x2  
  176  9:51  Marauder  
  174  9:55  SCV  
  174  9:56  Marine x3  
  174  9:58  Marine  
  173  10:00  Marauder x2, Marine  
  173  10:03  Marine  
  162  10:11  Marauder  
  162  10:12  Marauder  
  162  10:13  SCV x2  
  155  10:14  Orbital Command, Marine x2  
  155  10:15  SCV  
  157  10:25  SCV  
  154  10:29  Marauder, Marine  
  136  10:37  Medivac x2  
  136  10:40  Marauder x2, Marine  
  136  10:41  Marauder  
  136  10:42  Marine x2  
  121  10:44  Orbital Command  
  121  10:45  Marine  
  121  10:46  Ghost Academy  
  122  10:51  Marauder  
  122  10:52  Liberator x2  
  120  11:01  Widow Mine x2  
  120  11:02  Marauder x2  
  120  11:03  Marauder  
  131  11:04  SCV x3  
  131  11:08  Marine  
  131  11:09  Marine x3  
  143  11:15  SCV  
  143  11:16  SCV x2  
  146  11:23  Ghost x2  
  146  11:31  Ghost  
  146  11:32  Ghost  
  150  11:46  Widow Mine x2  
  152  11:53  Ghost x2  
  155  11:55  Liberator  
  150  12:04  Ghost x2  
  150  12:07  Marine x3  
  156  12:15  SCV  
  156  12:16  SCV x3  
  156  12:18  Refinery  
  156  12:19  Refinery  
  156  12:20  Refinery  
  156  12:21  Ghost  
  162  12:28  SCV x2  
  155  12:39  Marine  
  155  12:40  Marauder x2  
  155  12:43  Ghost  
  142  12:50  Ghost  
  136  12:54  SCV x2  
  136  12:56  Marine  
  124  13:06  SCV  
  124  13:07  SCV, Marine  
Show
View Real Time Build Order
Export as new Build Order

Elazer Zerg - Winner!

Build Orders: Hatch First 

Get SALT Encoding   

  12  0:00  Drone  
  13  0:13  Overlord  
  13  0:19  Drone  
  14  0:31  Drone x2  
  14  0:35  Drone  
  17  0:53  Hatchery  
  17  0:55  Drone  
  17  0:58  Drone  
  18  1:09  Extractor  
  17  1:13  Spawning Pool  
  17  1:16  Drone  
  17  1:19  Drone  
  18  1:28  Drone  
  19  1:39  Overlord  
  19  1:56  Drone  
  19  1:59  Queen  
  19  2:01  Drone  
  23  2:04  Queen  
  23  2:05  Drone  
  26  2:09  Metabolic Boost  
  26  2:12  Drone  
  27  2:19  Drone  
  28  2:23  Zergling x2  
  28  2:27  Zergling x2  
  30  2:35  Queen  
  32  2:41  Overlord, Drone  
  33  2:50  Hatchery  
  33  2:51  Drone  
  33  2:53  Drone  
  34  2:59  Drone x2  
  36  3:10  Drone x3  
  39  3:15  Queen  
  39  3:16  Overlord  
  39  3:17  Drone x2  
  39  3:19  Drone  
  44  3:27  Extractor  
  44  3:28  Drone  
  44  3:29  Roach Warren  
  44  3:30  Drone  
  44  3:35  Drone  
  44  3:37  Overlord  
  44  3:39  Drone  
  46  3:42  Drone  
  46  3:46  Drone x2  
  49  3:52  Queen  
  49  3:53  Spore Crawler  
  50  3:57  Drone x2  
  52  4:07  Zergling x2  
  52  4:08  Zergling x10  
  57  4:13  Overlord  
  57  4:15  Roach  
  59  4:19  Roach x3  
  65  4:24  Overlord  
  62  4:40  Overlord x2, Lair  
  62  4:46  Drone x4  
  62  4:50  Extractor  
  62  4:52  Evolution Chamber x2  
  63  4:54  Overlord  
  63  4:55  Drone x3  
  66  5:01  Ravager x3  
  66  5:02  Drone x2  
  66  5:04  Drone  
  66  5:06  Drone x2  
  74  5:11  Overlord  
  74  5:12  Drone x2  
  75  5:17  Overlord  
  75  5:18  Overlord  
  75  5:23  Extractor  
  75  5:24  Extractor  
  75  5:28  Zerg Missile Weapons Level 1  
  73  5:29  Drone x5  
  73  5:30  Drone  
  73  5:31  Drone  
  73  5:34  Drone x2  
  82  5:43  Overlord  
  82  5:45  Zerg Ground Armor Level 1  
  82  5:49  Glial Reconstitution  
  82  5:52  Overlord  
  82  5:53  Roach x2  
  82  5:56  Overlord x2  
  86  6:02  Roach x3  
  92  6:05  Roach  
  92  6:10  Drone x5  
  99  6:16  Roach x3  
  105  6:24  Drone x2  
  105  6:25  Drone  
  105  6:28  Drone  
  105  6:29  Drone  
  105  6:30  Drone  
  105  6:32  Roach x4  
  113  6:34  Overlord  
  113  6:36  Overseer  
  113  6:42  Roach  
  113  6:43  Roach x2  
  119  6:52  Extractor  
  119  6:53  Drone x2  
  119  6:54  Drone x3, Infestation Pit  
  121  6:55  Drone  
  123  7:06  Roach x3  
  123  7:07  Ravager x3  
  123  7:08  Ravager  
  132  7:13  Hatchery  
  131  7:19  Overlord  
  131  7:20  Overlord  
  131  7:26  Drone  
  131  7:28  Zerg Missile Weapons Level 2  
  132  7:31  Overlord  
  132  7:40  Zerg Ground Armor Level 2  
  132  7:41  Hive  
  132  7:43  Ravager  
  133  7:44  Drone x3  
  133  7:45  Drone x5  
  133  7:46  Overlord x2  
  133  7:47  Overlord  
  133  7:49  Infestor  
  143  7:57  Infestor  
  145  8:01  Spore Crawler  
  144  8:06  Spore Crawler  
  144  8:07  Extractor, Roach  
  144  8:08  Roach x6  
  144  8:11  Extractor  
  155  8:18  Ravager  
  155  8:19  Overlord x2, Ravager  
  157  8:22  Roach x3  
  163  8:31  Infestor  
  165  8:39  Overlord  
  165  8:40  Drone x5  
  169  8:47  Overlord  
  166  9:00  Roach x4  
  166  9:01  Roach x7  
  186  9:05  Ultralisk Cavern  
  186  9:09  Drone x2  
  183  9:13  Overlord  
  183  9:22  Ravager x2  
  183  9:23  Ravager  
  186  9:52  Ultralisk  
  186  9:53  Ultralisk x2  
  190  10:09  Ultralisk  
  190  10:12  Ultralisk Cavern  
  152  10:43  Hatchery  
  152  10:44  Zerg Ground Armor Level 3  
  152  10:48  Evolution Chamber  
  152  10:49  Drone x7  
  155  10:58  Chitinous Plating  
  155  11:06  Spore Crawler  
  155  11:07  Ultralisk x3  
  155  11:09  Ravager  
  155  11:10  Ravager  
  174  11:11  Infestor, Spore Crawler  
  175  11:28  Overlord  
  175  11:32  Zerg Melee Weapons Level 1  
  175  11:37  Hatchery, Overseer  
  174  11:41  Nydus Network  
  174  11:44  Ultralisk  
  174  11:46  Zergling x14  
  184  12:10  Zergling x28  
  184  12:11  Zergling x4  
  196  12:18  Spire  
  196  12:19  Nydus Canal  
  157  12:51  Ultralisk x3  
  157  12:53  Zergling x18  
  169  13:15  Zergling x2  
  169  13:16  Zergling x16  
Tags
 
Add a new tag
Caveats
  • Supply blocks, unpowered buildings, or Contaminate may cause inaccurate times.
  • Supply counts are checked every 10 seconds.